 Dungeon Crawl Stone Soup version 0.29.0-5-ge4962eb29e (webtiles) character file.

Game seed: 14312752554995376725

241 Woods the Cudgeller (level 6, 0/40 HPs)
             Began as a Gargoyle Monk on Aug 30, 2022.
             Splashed by a jelly's acid (8 damage)
             ... on level 5 of the Dungeon.
             The game lasted 00:08:32 (2955 turns).

Woods the Cudgeller (Gargoyle Monk)                 Turns: 2955, Time: 00:08:33

Health: 0/40       AC:  4    Str: 17    XL:     6   Next: 8%
Magic:  6/6        EV:  7    Int: 10    God:
Gold:   230        SH:  0    Dex: 12    Spells: 5/5 levels left

rFire   . . .      SeeInvis .   a - +0 mace
rCold   . . .      Faith    .   (no shield)
rNeg    + . .      Spirit   .   e - +0 chain mail
rPois   ∞          Reflect  .   u - +0 helmet
rElec   +          Harm     .   m - scarf {shadows}
rCorr   .          Rampage  .   n - +2 pair of gloves
Will    .....                   (no boots)
Stlth   ..........              d - amulet of regeneration
HPRegen 0.93/turn               (no ring)
MPRegen 0.10/turn               (no ring)

@: corroded
A: sickness immunity, AC +4, negative energy resistance 1, electricity
resistance, torment resistance 1, petrification resistance
a: no special abilities


You were on level 5 of the Dungeon.
You visited 1 branch of the dungeon, and saw 6 of its levels.

You collected 230 gold pieces.

Inventory:

Hand Weapons
 a - a +0 mace (weapon)
Armour
 b - a +0 robe
 e - a +0 chain mail (worn)
 m - a scarf of shadows (worn)
 n - a +2 pair of gloves (worn)
 u - a +0 helmet (worn)
Jewellery
 d - an amulet of regeneration (around neck)
Wands
 p - a wand of roots (10)
 r - a wand of flame (11)
Scrolls
 f - 2 scrolls of enchant armour
 h - 2 scrolls of torment
 i - 2 scrolls of immolation
 k - a scroll of fog {unknown}
 l - 2 scrolls of identify
 q - a scroll of amnesia {unknown}
 t - a scroll of poison {unknown}
 v - a scroll of noise {unknown}
 w - a scroll of enchant weapon {unknown}
Potions
 c - a potion of ambrosia
 g - 3 potions of curing {unknown}
 j - 2 potions of mutation {unknown}
 o - a potion of degeneration {unknown}
 s - a potion of flight {unknown}


   Skills:
 - Level 5.0 Fighting
 * Level 5.2 Maces & Flails
 + Level 2.9 Dodging
 - Level 2.2 Stealth


You had 5 spell levels left.
You didn't know any spells.
Your spell library contained the following spells:

 Spells                   Type           Power      Damage    Failure   Level
 Apportation              Tloc           0%         N/A       100%        1
 Foxfire                  Conj/Fire      0%         2x1d4     100%        1
 Sandblast                Erth           0%         2d4       100%        1
 Passwall                 Tmut/Erth      0%         N/A       100%        2
 Conjure Flame            Conj/Fire      0%         6-21      100%        3
 Inner Flame              Hex/Fire       0%         N/A       100%        3
 Stone Arrow              Conj/Erth      0%         3d7       100%        3
 Summon Guardian Golem    Hex/Summ       0%         N/A       100%        3
 Flame Wave               Conj/Fire      0%         2d4       100%        4
 Orb of Destruction       Conj           0%         9d5       100%        7
 Spellforged Servitor     Conj/Summ      0%         N/A       100%        7


Dungeon Overview and Level Annotations

Branches:
Dungeon (6/15)             Temple (0/1) D:6

Altars:
Elyvilon


Innate Abilities, Weirdness & Mutations

You are immune to sickness and miasma.
Your stone body is resilient. (AC +4)
You are immune to poison.
You resist negative energy. (rN+)
You are resistant to electric shocks. (rElec)
You are resistant to unholy torment.
You are immune to petrification.


Message History

You continue putting on your +0 chain mail. x5
You finish putting on your +0 chain mail.
You see here a +0 leather armour of willpower.
You open the door.
Found an escape hatch in the ceiling.
There is an open door here.
A jelly comes into view.
The jelly quivers.
Unknown command.
There is an open door here.
The jelly hits you but does no damage.
You hit the jelly.
Your hands burn!
The jelly is moderately wounded.
The jelly hits you. The acid corrodes you!
You are splashed with acid!
You hit the jelly. The acid corrodes you!
Your hands burn!
The jelly is moderately wounded.
The jelly hits you but does no damage.
You hit the jelly.
Your hands burn!
The jelly is heavily wounded.
The jelly hits you but does no damage. The jelly hits you.
The acid corrodes you!
You are splashed with acid!
You hit the jelly.
Your hands burn!
* * * LOW HITPOINT WARNING * * *
The jelly is heavily wounded.
The jelly hits you but does no damage.
You hit the jelly but do no damage.
Your hands burn!
* * * LOW HITPOINT WARNING * * *
You punch the jelly, but do no damage.
The jelly is heavily wounded.
The jelly barely misses you.
Unknown command.
The jelly attacks as you move away! The jelly hits you but does no damage.
The jelly attacks as you move away! The jelly hits you but does no damage.
The jelly attacks as you move away! The jelly hits you. The acid corrodes you!
You are splashed with acid!
* * * LOW HITPOINT WARNING * * *
The jelly attacks as you move away! The jelly hits you.
* * * LOW HITPOINT WARNING * * *
The acid corrodes you!
You are splashed with acid!
You die...

..........'.....#...#
.........#.....#...# #
#..###.##.....#...# #.......#.
#.)###+#......#...# #.......#..
#......#......#...#
#.......#..##......#......#...#
#.......#..........#...>).#...#
#..<....#..........#......#...#
###.......#.###.@##..#......##..#
#.......#######J.##..####....#..#
#.......#........#......#....#..#
#.......'.[......#......#....#..#
#.......#........#......'....'..#
#.......#################....####
######### ######


You could see a jelly.

Vanquished Creatures
  2 iguanas (D:4)
  Natasha (twice) (D:2)
  5 adders
  A shadow imp (D:5)
  A white imp (D:4)
  An ufetubus (D:4)
  A worm (D:3)
  3 dart slugs
  2 orcs
  5 ball pythons
  5 endoplasms
  4 giant cockroaches
  7 goblins
  4 hobgoblins
  3 jackals
  2 quokkas
  5 bats
  5 frilled lizards
  5 kobolds
  7 rats
70 creatures vanquished.

Notes
Turn   | Place    | Note
-------+----------+-------------------------------------------
     0 | D:1      | Woods the Gargoyle Monk began the quest for the Orb.
     0 | D:1      | Reached XP level 1. HP: 14/14 MP: 1/1
   219 | D:1      | Reached XP level 2. HP: 19/19 MP: 2/2
   767 | D:1      | Reached XP level 3. HP: 24/24 MP: 3/3
  1138 | D:2      | Noticed Natasha
  1343 | D:2      | Found a faded altar of an unknown god.
  1356 | D:2      | Got Plato's Dissertation on the Excursion
  1536 | D:2      | Killed Natasha
  1537 | D:2      | Reached XP level 4. HP: 17/30 MP: 4/4
  1752 | D:2      | Noticed Natasha
  1757 | D:2      | Killed Natasha
  2031 | D:3      | Reached XP level 5. HP: 34/34 MP: 5/5
  2192 | D:3      | Found a white marble altar of Elyvilon.
  2405 | D:4      | Reached skill level 5 in Fighting
  2432 | D:4      | Reached skill level 5 in Maces & Flails
  2571 | D:4      | Noticed an ogre
  2725 | D:4      | Reached XP level 6. HP: 40/40 MP: 6/6
  2776 | D:4      | You fall into a shaft and drop 2 floors!
  2811 | D:5      | Entered Level 5 of the Dungeon
  2955 | D:5      | Splashed by a jelly's acid

Illustrated notes

Levels and vault maps discovered:
D:1:      roderic_crossed_star, layout_basic, corner_web_ring
D:2:      layout_basic, shapermc_ecumenical_altar_rom_forum,
          wad_floor_pattern_1, hangedman_decor_growths, uniq_natasha
D:3:      layout_rooms, nicolae_elyvilon_temple_path, kennysheep_boxes
D:4:      wad_crossroads, layout_basic
D:5:      layout_gridville, lemuel_tele_altar, nemelex_dance_club_becter
D:6:      layout_loops_ring, temple_green

Skill      XL: |  1  2  3  4  5 |
---------------+----------------+-----
Fighting       | 4 5 |  5.0
Maces & Flails | 4 5 |  5.2
Dodging        | |  2.9
Stealth        | |  2.2

Action                   |  1- 3 |  4- 6 || total
-------------------------+-------+-------++-------
Melee: Mace              |   118 |   143 ||   261
       Punch             |       |     2 ||     2
  Use: Scroll            |       |     5 ||     5
 Stab: Sleeping          |     4 |     2 ||     6
       Distracted        |       |     1 ||     1
Armor: Robe              |    37 |    60 ||    97
       Chain mail        |       |     6 ||     6
Dodge: Dodged            |    89 |   117 ||   206
